 Dungeon Crawl Stone Soup version 0.25.0-9-g26727b657a (webtiles) character file.

Game seed: 9330440531247279069

32 Exodus22XD the Poker (level 3, -4/27 HPs)
             Began as a Demonspawn Gladiator on June 21, 2020.
             Slain by a worm (8 damage)
             ... on level 2 of the Dungeon.
             The game lasted 00:01:57 (1132 turns).

Exodus22XD the Poker (Demonspawn Gladiator)         Turns: 1132, Time: 00:01:58

Health: -4/27      AC:  4    Str: 15    XL:     3   Next: 10%
Magic:  3/3        EV: 13    Int:  9    God:
Gold:   21         SH:  0    Dex: 14    Spells: 2/2 levels left

rFire    . . .     SeeInvis .   a - +0 trident
rCold    . . .     Gourm    .   (no shield)
rNeg     . . .     Faith    .   b - +0 leather armour
rPois    .         Spirit   .   c - +0 helmet
rElec    .         Reflect  .   l - scarf {repulsion}
rCorr    .         Harm     .   (no gloves)
MR       .....                  (no boots)
Stlth    +.........             (no amulet)
HPRegen  0.09/turn              k - ring of wizardry
MPRegen  0.08/turn              (no ring)

@: repel missiles
A: claws 1, rot immunity
a: no special abilities


You were on level 2 of the Dungeon.
You were not hungry.

You visited 1 branch of the dungeon, and saw 2 of its levels.

You collected 21 gold pieces.

Inventory:

Hand Weapons
 a - a +0 trident (weapon)
Missiles
 d - 3 throwing nets (quivered)
Armour
 b - a +0 leather armour (worn)
 c - a +0 helmet (worn)
 g - a scarf of harm
 l - a scarf of repulsion (worn)
Jewellery
 k - a ring of wizardry (left claw)
Scrolls
 e - 2 scrolls of teleportation {unknown}
Potions
 h - a potion of stabbing {unknown}
 j - a potion of heal wounds {unknown}
Comestibles
 f - 3 rations
 i - 2 chunks of flesh


   Skills:
 + Level 2.2 Fighting
 + Level 3.3 Polearms
 - Level 1.8 Throwing
 + Level 3.1 Dodging


You had 2 spell levels left.
You didn't know any spells.
Your spell library was empty.

Dungeon Overview and Level Annotations

Branches:
Dungeon (2/15)

Altars:
Ashenzari
Okawaru
Qazlal


Innate Abilities, Weirdness & Mutations

You have sharp fingernails.
You are immune to rotting.


Message History

A worm is nearby!
You puncture the worm!
The worm is moderately wounded.
You hit the worm.
The worm is heavily wounded.
The worm bites you!
* * * LOW HITPOINT WARNING * * *
You hit the worm but do no damage.
The worm is heavily wounded.
The worm bites you but does no damage.
Your leather armour prevents you from hitting the worm.
The worm is moderately wounded.
You barely miss the worm.
The worm is moderately wounded.
The worm bites you.
* * * LOW HITPOINT WARNING * * *
You barely miss the worm.
The worm is moderately wounded.
The worm bites you!
You die...

..........>.#.#.#.# #.
#.......###.#.#.... #.
#.......# #.#<###.# #.
#.......###.### #.# #.
..........#.# ... #.
.###.####.#.#.# #.
............#.##########.
..##.####.###...........)
#...w@..............##
######.############.# #.#
#.# #.# #.# #.# #.# #.#
#.# #.# #..# #.# #.# #..#
#.# #.# # #..#
#.############.#


You could see a worm.

Vanquished Creatures
  2 dart slugs
  A leopard gecko (D:1)
  A ball python (D:2)
  2 giant cockroaches (D:2)
  2 goblins (D:2)
  3 hobgoblins
  2 jackals (D:1)
  A quokka (D:2)
  2 bats
  5 frilled lizards
  4 kobolds
  3 rats
28 creatures vanquished.

Notes
Turn   | Place    | Note
-------+----------+-------------------------------------------
     0 | D:1      | Exodus22XD the Demonspawn Gladiator began the quest for the
                  | Orb.
     0 | D:1      | Reached XP level 1. HP: 16/16 MP: 1/1
   191 | D:1      | Gained mutation: You are immune to rotting. [demonic
                  | ancestry]
   191 | D:1      | Reached XP level 2. HP: 22/22 MP: 2/2
   885 | D:2      | Gained mutation: You have sharp fingernails. [demonic
                  | ancestry]
   885 | D:2      | Reached XP level 3. HP: 17/27 MP: 3/3
  1010 | D:2      | Found an iron altar of Okawaru.
  1013 | D:2      | Found a shattered altar of Ashenzari.
  1016 | D:2      | Found a stormy altar of Qazlal.
  1132 | D:2      | Slain by a worm

Illustrated notes

Levels and vault maps discovered:
D:1:      psy_arrival_statuary, layout_basic
D:2:      layout_basic, xom_redecorated, grunt_temple_overflow_diamond

Skill      XL: |  1  2 |
---------------+-------+-----
Polearms       | 3 |  3.3
Dodging        | 3 |  3.1
Fighting       | |  2.2
Throwing       | |  1.8

Action                   || total
-------------------------++-------
Melee: Trident           ||    84
 Stab: Sleeping          ||     1
  Eat: Chunk             ||     1
Armor: Leather armour    ||    24
Dodge: Dodged            ||    59
       Repelled          ||     1
